 Dungeon Crawl Stone Soup version 0.25-a0-364-ge76b031 (webtiles) character file.

Game seed: 11789517047688048764, levelgen mode: deterministic

66078 Firecrotchwizard the Fencer (level 14, -3/195 HPs)
             Began as a Minotaur Berserker on Jan 4, 2020.
             Was a High Priest of Trog.
             Slain by an enormous slime creature (30 damage)
             ... on level 13 of the Dungeon.
             The game lasted 00:37:35 (17801 turns).

Firecrotchwizard the Fencer (Minotaur Berserker)   Turns: 17801, Time: 00:37:36

Health: -3/195     AC: 27    Str: 36    XL:     14   Next: 77%
Magic:  13/13      EV: 14    Int:  6    God:    Trog [*****.]
Gold:   1690       SH:  0    Dex:  9    Spells: 13/13 levels left

rFire    + + .     SeeInvis .   V - +9 triple sword "Bupsiwie" {flame, rF++ Dex-4}
rCold    + . .     Gourm    .   (shield currently unavailable)
rNeg     . . .     Faith    .   k - +0 plate armour
rPois    .         Spirit   .   B - +2 hat
rElec    .         Reflect  .   P - +1 cloak (curse)
rCorr    .         Harm     .   f - +2 pair of gloves
MR       +....                  s - +2 pair of boots
Stlth    ..........             I - amulet of regeneration {+regen, !d}
HPRegen  0.82/turn              U - ring of Luun {rC+ Str+9}
MPRegen  0.13/turn              (no ring)

@: berserking, very quick
A: retaliatory headbutt, horns 2
a: Berserk, Trog's Hand, Brothers in Arms, Renounce Religion


You were on level 13 of the Dungeon.
You worshipped Trog.
Trog was extremely pleased with you.
You were hungry.

You visited 2 branches of the dungeon, and saw 20 of its levels.
You also visited: Volcano.

You collected 1690 gold pieces.

Inventory:

Hand Weapons
 b - a +0 demon blade of flaming
   (You found it in a volcano)
 q - a +2 great sword of flaming
   (You took it off a skeletal warrior in a volcano)
 r - a +6 triple sword
   (Trog gifted it to you on level 2 of the Lair of Beasts)
 O - a +1 antimagic great sword
   (Trog gifted it to you on level 10 of the Dungeon)
 V - the +9 triple sword "Bupsiwie" (weapon) {flame, rF++ Dex-4}
   (Trog gifted it to you on level 11 of the Dungeon)

   It has been specially enchanted to burn those struck by it, causing extra
   injury to most foes and up to half again as much damage against particularly
   susceptible opponents.
   Big, fiery blades are also staple armaments of hydra-hunters.
   It affects your dexterity (-4).
   It greatly protects you from fire.
Missiles
 d - 28 boomerangs
 x - 50 poisoned darts
 y - 7 throwing nets {=f, !d}
Armour
 f - a +2 pair of gloves (worn)
   (You found it on level 1 of the Dungeon)
 k - a +0 plate armour (worn)
   (You found it on level 4 of the Dungeon)
 s - a +2 pair of boots (worn)
   (You found it on level 3 of the Dungeon)
 B - a +2 hat (worn)
   (You acquired it on level 5 of the Lair of Beasts)
 P - a cursed +1 cloak (worn)
   (You found it on level 4 of the Lair of Beasts)
Jewellery
 i - an uncursed ring of flight {+Fly, !d}
   (You found it on level 1 of the Dungeon)
 E - a +3 ring of strength
   (You found it on level 7 of the Dungeon)
 F - an uncursed ring of positive energy {rN+}
   (You found it on level 7 of the Dungeon)
 I - an amulet of regeneration (around neck) {+regen, !d}
   (You found it on level 7 of the Dungeon)
 N - an uncursed ring of fire {rF+, rC-}
   (You found it on level 10 of the Dungeon)
 U - the ring of Luun (left hand) {rC+ Str+9}
   (You found it on level 6 of the Lair of Beasts)

   [ring of protection from cold]

   It affects your strength (+9).
   It protects you from cold.
Wands
 a - a wand of flame (41)
   (You found it on level 1 of the Lair of Beasts)
 v - a wand of random effects (31)
   (You found it on level 7 of the Dungeon)
 w - a wand of acid (24)
   (You took it off a kobold on level 3 of the Dungeon)
 A - a wand of scattershot (1)
   (You took it off a gnoll on level 4 of the Dungeon)
 D - a wand of disintegration (25)
   (You found it on level 2 of the Lair of Beasts)
 Z - a wand of clouds (5)
   (You found it on level 14 of the Dungeon)
Scrolls
 e - a scroll of fog
 g - 14 scrolls of identify
 j - a scroll of blinking {!r}
 m - 9 scrolls of remove curse
 J - 3 scrolls of teleportation
 L - a scroll of enchant weapon
 Q - 3 scrolls of magic mapping {!r}
 S - 2 scrolls of fear
Potions
 h - a potion of berserk rage {unknown}
 l - a potion of heal wounds {unknown}
 n - 5 potions of flight {unknown}
 o - 14 potions of curing
 p - 4 potions of ambrosia
 t - a potion of invisibility {unknown}
 u - 2 potions of haste
 z - a potion of resistance {unknown}
 C - 3 potions of might {unknown}
 G - 2 potions of brilliance {unknown}
 H - a potion of mutation {unknown}
 M - a potion of degeneration {unknown}
 Y - a potion of agility {unknown}
Miscellaneous
 K - a lamp of fire
   (You found it on level 3 of the Lair of Beasts)
 R - a sack of spiders
Comestibles
 c - 34 rations
 W - 11 chunks of flesh {@w0}


   Skills:
 - Level 13.8 Fighting
 * Level 19.6 Long Blades
 - Level 13.5 Armour
 - Level 12.5 Dodging


You had 13 spell levels left.
You didn't know any spells.
Your spell library was empty.

Dungeon Overview and Level Annotations

Branches:
Dungeon (14/15)            Temple (0/1) D:6            Lair (6/6) D:9
 Shoals (0/4) Lair:3        Snake (0/4) Lair:2        Slime (0/5) Lair:6
    Orc (0/2) D:12        Volcano (visited)
 Vaults: D:13-14

Altars:
Cheibriados
Makhleb
Qazlal
Ru
Beogh

Annotations:
D:10 2 transporters, Dietz's ghost, journeyman KoHu
Lair:2 exclusion: oklob plant


Innate Abilities, Weirdness & Mutations

You reflexively headbutt those who attack you in melee.
You have a pair of horns on your head.


Message History

The gargoyle hurls a stone arrow at you.
The stone arrow hits you but does no damage.
You slice the gargoyle!! You burn the gargoyle.
You destroy the gargoyle!
Trog accepts your kill.
No target in view!
Autoeating chunks.
Eating one of 37 chunks of flesh {@w0}.
You eat one of the 37 chunks of flesh {@w0}.
p - 4 potions of ambrosia (gained 1)
Found a stone staircase leading up.
Some of the chunks of flesh in your inventory have rotted away.
Found a sacrificial altar of Ru.
Your pack is full.
You see here a dark potion.
Your pack is full.
You see here a dark potion.
No target in view!
You can't carry that many items.
As you read the scroll labeled SETUUC WAODE, it crumbles to dust.
Magic quickly surges around you.
It was a scroll of vulnerability.
As you read the scroll of identify, it crumbles to dust.
z - an uncursed amulet of faith Drop what? 51/52 slots (_ for help) (? for menu, Esc to quit)
You drop an uncursed amulet of faith {Faith, !P}.
z - a dark potion
(D) Dungeon (T) Temple (L) Lair (A) Shoals (P) Snake Pit (M) Slime Pits (O) Orcish Mines
Where to? (Enter - D:12, ? - help)
There is a stone staircase leading up here.
You climb upwards.
Found a cloak, a scroll of vulnerability and a scroll of identify.
Found an escape hatch in the floor.
There is a stone staircase leading down here.
g - 14 scrolls of identify (gained 1) Some of the chunks of flesh in your inventory have rotted away.
You open the door.
There is an open door here.
You open the door.
There is an open door here.
C - 3 fuming purple potions (gained 1)
You open the door.
Found an escape hatch in the ceiling.
There is an open door here.
As you read the scroll of enchant armour, it crumbles to dust.
Your cursed +0 cloak glows green for a moment.
You now have 1690 gold pieces (gained 24).
You open the door.
Found a faintly glowing short sword.
There is an open door here.
Some of the chunks of flesh in your inventory have rotted away.
A troll comes into view.
You feel less vulnerable to hostile enchantments.
The troll shouts!
You hit the troll. You burn the troll. The troll bites you.
The troll completely misses you. The troll claws you but does no damage.
You take 6 damage, and have 124/130 hp.
You cut the troll into ribbons!!! You burn the troll!
You kill the troll!
Trog accepts your kill.
No target in view!
A slime creature comes into view.
The slime creature quivers.
Health restored: 130 A centaur warrior comes into view.
There are monsters nearby!
A slime creature comes into view.
The slime creature quivers.
The slime creature hits you but does no damage.
You slash the slime creature! You burn the slime creature.
You headbutt the slime creature.
Two slime creatures merge to form a large slime creature.
A slime creature comes into view. x2
You slice the large slime creature!! You burn the large slime creature.
Two slime creatures merge to form a very large slime creature.
You slice the very large slime creature!!
You burn the very large slime creature.
Two slime creatures merge to form an enormous slime creature.
You slice the enormous slime creature!! You burn the enormous slime creature!
The enormous slime creature hits you!!!
You take 61 damage, and have 69/130 hp.
MASSIVE DAMAGE!!
You chop the enormous slime creature into pieces!!!
You burn the enormous slime creature.
You headbutt the enormous slime creature!
The enormous slime creature hits you!!!
* * * LOW HITPOINT WARNING * * *
You take 49 damage, and have 20/130 hp.
MASSIVE DAMAGE!!
Okay, then.
A red film seems to cover your vision as you go berserk!
You feel yourself moving faster!
You feel mighty!
You are feeling hungry.
The enormous slime creature hits you.
* * * LOW HITPOINT WARNING * * *
You now have 26/195 hp.
You slice the enormous slime creature!! You burn the enormous slime creature.
You headbutt the enormous slime creature!
Your plate armour prevents you from hitting the enormous slime creature.
The enormous slime creature hits you!!
You die...

#.## #..#
##.### #...#
###.# #.#
#.# #.# #@#
#J# .c.
.....
.?.....
.........
..........#
#..........#


You could see an enormous slime creature and a centaur warrior.

Vanquished Creatures
  Snorg (Lair:4)
  A fire dragon (Lair:2)
  7 hydras
  2 catoblepae
  A merfolk avatar (Lair:6)
  A two-headed ogre (D:11)
  3 death yaks
  2 skeletal warriors (Volcano)
  A sea snake (Lair:6)
  2 anaconda skeletons (Volcano)
  A lindwurm (Lair:3)
  2 harpies (Lair:6)
  2 manticores (Lair:6)
  13 elephants
  6 black mambas
  15 spiny frogs
  A centaur zombie (D:12)
  Psyche (D:9)
  6 gargoyles
  2 torpor snails
  4 centaur skeletons
  5 rime drakes
  7 komodo dragons
  4 merfolk (Lair:3)
  A tengu conjurer (D:11)
  5 polar bears
  6 trolls
  Grinder (D:3)
  9 hippogriffs
  2 hornets
  3 harpy skeletons (Volcano)
  21 blink frogs
  5 dream sheep
  An alligator skeleton (Volcano)
  3 flying skulls (Volcano)
  A vampire (D:11)
  34 yaks
  2 steam dragons
  7 wyverns
  Grum (D:11)
  A vampire mosquito (D:11)
  3 hungry ghosts
  15 water moccasins
  3 nagas (Lair:2)
  6 porcupines
  3 sky beasts
  2 black bears
  7 ice beasts
  9 ogres
  3 phantoms
  10 orc warriors
  9 wolves
  2 necrophages
  An eye of draining (D:11)
  11 centaurs
  20 crocodiles
  5 big kobolds
  20 bullfrogs
  A wyvern zombie (D:12)
  2 gnoll sergeants
  A wyvern skeleton (D:9)
  6 scorpions
  8 wights
  15 killer bees
  A troll skeleton (Volcano)
  3 howler monkeys
  3 electric eels
  8 crimson imps
  4 jellies
  2 quasits
  3 bullfrog zombies
  5 hounds
  11 orc wizards
  2 gnoll shamans
  A bullfrog skeleton (D:6)
  3 iguanas
  11 orc priests
  9 worker ants
  4 naga skeletons (Volcano)
  2 worker ant zombies (D:5)
  14 adders
  44 gnolls
  3 shadow imps
  2 oozes
  An adder skeleton (D:4)
  4 worms
  7 leopard geckos
  46 orcs
  3 ball pythons
  7 bats
  6 giant cockroaches
  9 goblins
  5 hobgoblins
  32 jackals
  12 kobolds
  6 quokkas
  3 frilled lizards
  A leopard gecko skeleton (D:5)
  4 quokka skeletons
  3 rats
639 creatures vanquished.

Vanquished Creatures (others)
  An elephant (Lair:5)
  A gnoll (D:4)
  A leopard gecko (D:3)
  6 fungi
  20 plants
29 creatures vanquished.

Grand Total: 668 creatures vanquished

Notes
Turn   | Place    | Note
-------+----------+-------------------------------------------
     0 | D:1      | Firecrotchwizard the Minotaur Berserker began the quest for
                  | the Orb.
     0 | D:1      | Reached XP level 1. HP: 19/19 MP: 0/0
   715 | D:2      | Reached XP level 2. HP: 27/27 MP: 1/1
   723 | D:2      | Reached skill level 4 in Long Blades
  1251 | D:2      | Reached XP level 3. HP: 33/33 MP: 2/2
  1395 | D:2      | Reached ** piety under Trog
  1395 | D:2      | Reached skill level 4 in Fighting
  1403 | D:2      | Reached skill level 3 in Armour
  1825 | D:3      | Noticed Grinder
  1841 | D:3      | Killed Grinder
  1841 | D:3      | Reached skill level 5 in Long Blades
  1841 | D:3      | Reached skill level 4 in Armour
  1841 | D:3      | Reached skill level 3 in Dodging
  1841 | D:3      | Reached XP level 4. HP: 31/41 MP: 3/3
  1841 | D:3      | Reached XP level 5. HP: 36/47 MP: 4/4
  2119 | D:3      | Reached XP level 6. HP: 53/55 MP: 5/5
  2531 | D:3      | Found a burning altar of Makhleb.
  2534 | D:3      | Reached skill level 6 in Long Blades
  2606 | D:4      | Reached skill level 5 in Fighting
  2632 | D:4      | Found a stormy altar of Qazlal.
  3041 | D:4      | Reached skill level 4 in Dodging
  3059 | D:4      | Reached *** piety under Trog
  3070 | D:4      | Reached XP level 7. HP: 27/61 MP: 6/6
  3115 | D:4      | Reached skill level 7 in Long Blades
  3302 | D:4      | Reached skill level 5 in Armour
  3945 | D:5      | Entered Level 5 of the Dungeon
  3973 | D:5      | Reached skill level 6 in Fighting
  4077 | D:5      | Reached **** piety under Trog
  4162 | D:5      | Reached skill level 5 in Dodging
  4162 | D:5      | Reached XP level 8. HP: 70/70 MP: 7/7
  4193 | D:5      | Reached skill level 8 in Long Blades
  4552 | D:6      | Reached skill level 6 in Armour
  4607 | D:6      | Reached skill level 9 in Long Blades
  4765 | D:6      | Reached skill level 7 in Fighting
  4774 | D:6      | Reached skill level 6 in Dodging
  5201 | D:6      | Reached XP level 9. HP: 75/79 MP: 8/8
  5295 | D:6      | Reached skill level 10 in Long Blades
  5416 | D:6      | Reached skill level 7 in Armour
  5589 | D:6      | Found a staircase to the Ecumenical Temple.
  6280 | D:7      | Reached skill level 8 in Fighting
  6286 | D:7      | Reached skill level 7 in Dodging
  6345 | D:7      | Reached skill level 11 in Long Blades
  6372 | D:7      | Reached ***** piety under Trog
  6372 | D:7      | Received a gift from Trog
  6530 | D:7      | Reached skill level 8 in Armour
  6556 | D:7      | Found a snail-covered altar of Cheibriados.
  6836 | D:7      | Reached XP level 10. HP: 90/90 MP: 9/9
  7543 | D:9      | Reached skill level 9 in Fighting
  7557 | D:9      | Reached skill level 12 in Long Blades
  7592 | D:9      | Reached skill level 8 in Dodging
  7622 | D:9      | Reached skill level 9 in Armour
  7818 | D:9      | Found a staircase to the Lair.
  7828 | D:9      | Received a gift from Trog
  7904 | D:9      | Noticed Psyche
  7911 | D:9      | Killed Psyche
  8154 | D:9      | Found the +9 heavy crossbow "Sniper" {velocity, Acc+∞ SInv}
  8284 | D:10     | Entered Level 10 of the Dungeon
  8303 | D:10     | Found a transporter.
  8306 | D:10     | Noticed a two-headed ogre
  8307 | D:10     | Noticed Dietz's ghost (journeyman KoHu)
  8358 | D:10     | Found a transporter.
  8371 | D:10     | Reached XP level 11. HP: 95/99 MP: 10/10
  8375 | D:10     | Reached skill level 13 in Long Blades
  8844 | D:10     | Reached skill level 10 in Fighting
  9141 | D:10     | Received a gift from Trog
  9204 | Lair:1   | Entered Level 1 of the Lair of Beasts
  9230 | Lair:1   | Reached skill level 9 in Dodging
  9542 | Lair:1   | Reached skill level 10 in Armour
 10016 | Lair:2   | Noticed an oklob plant
 10041 | Lair:2   | Reached skill level 14 in Long Blades
 10157 | Lair:2   | Found a dark tunnel.
 10162 | Volcano  | Entered a volcano
 10207 | Volcano  | Noticed a skeletal warrior
 10219 | Volcano  | Killed a skeletal warrior
 10246 | Volcano  | Reached skill level 11 in Fighting
 10335 | Volcano  | Reached XP level 12. HP: 99/110 MP: 11/11
 10340 | Volcano  | Reached skill level 10 in Dodging
 10603 | Lair:2   | Received a gift from Trog
 10603 | Lair:2   | Reached skill level 15 in Long Blades
 10603 | Lair:2   | Reached skill level 11 in Armour
 10792 | Lair:2   | Noticed a five-headed hydra
 10803 | Lair:2   | Killed a one-headed hydra
 10868 | Lair:2   | Noticed a fire dragon
 10877 | Lair:2   | Killed a fire dragon
 11120 | Lair:2   | Found a staircase to the Snake Pit.
 11643 | Lair:3   | Reached skill level 12 in Fighting
 11730 | Lair:3   | Reached skill level 16 in Long Blades
 11740 | Lair:3   | Noticed a six-headed hydra
 11751 | Lair:3   | Killed a one-headed hydra
 11751 | Lair:3   | Reached skill level 11 in Dodging
 11878 | Lair:3   | Noticed a seven-headed hydra
 11886 | Lair:3   | Killed a three-headed hydra
 12046 | Lair:3   | Reached XP level 13. HP: 109/118 MP: 12/12
 12063 | Lair:3   | Found a staircase to the Shoals.
 12473 | Lair:4   | Noticed Snorg
 12478 | Lair:4   | Killed Snorg
 12478 | Lair:4   | Reached skill level 12 in Armour
 12774 | Lair:4   | You fall into a shaft and drop 1 floor!
 13518 | Lair:5   | Received a gift from Trog
 13518 | Lair:5   | Reached skill level 17 in Long Blades
 13787 | Lair:5   | Reached skill level 13 in Fighting
 13818 | Lair:5   | HP: 29/122 [spiny frog (2)]
 13824 | Lair:5   | HP: 25/122 [poisoned by a spiny frog]
 13829 | Lair:5   | HP: 13/122 [poisoned by a spiny frog]
 13837 | Lair:5   | HP: 15/122 [poisoned by a spiny frog]
 13842 | Lair:5   | HP: 16/122 [poisoned by a spiny frog]
 13848 | Lair:5   | HP: 18/122 [poisoned by a spiny frog]
 13854 | Lair:5   | HP: 20/122 [poisoned by a spiny frog]
 14339 | Lair:5   | Identified a scroll of acquirement
 14370 | Lair:6   | Entered Level 6 of the Lair of Beasts
 14443 | Lair:5   | Reached skill level 12 in Dodging
 14708 | Lair:6   | Reached skill level 13 in Armour
 14889 | Lair:6   | Reached XP level 14. HP: 124/129 MP: 13/13
 15240 | Lair:6   | Received a gift from Trog
 15241 | Lair:6   | Got a steaming great sword {god gift}
 15247 | Lair:6   | Identified the +6 great sword of the Badger {slice, +Fly
                  | Int-5 Stlth+} (Trog gifted it to you on level 6 of the Lair
                  | of Beasts)
 15309 | Lair:6   | Found a staircase to the Slime Pits.
 15321 | Lair:6   | Reached skill level 18 in Long Blades
 15840 | Lair:6   | Got a transparent chain mail
 15851 | Lair:6   | Identified the +10 chain mail "Guwieps" {*Corrode rPois rF+
                  | SInv} (You found it on level 6 of the Lair of Beasts)
 15866 | Lair:6   | Got a translucent amber ring
 15868 | Lair:6   | Identified the ring of Luun {rC+ Str+9} (You found it on
                  | level 6 of the Lair of Beasts)
 15874 | Lair:6   | Got a smoking leather armour
 16420 | D:11     | Received a gift from Trog
 16421 | D:11     | Got a brightly glowing triple sword {god gift}
 16422 | D:11     | Identified the +9 triple sword "Bupsiwie" {flame, rF++
                  | Dex-4} (Trog gifted it to you on level 11 of the Dungeon)
 16451 | D:11     | Found a sacrificial altar of Ru.
 16518 | D:11     | Noticed Grum
 16524 | D:11     | Killed Grum
 16972 | D:11     | Got a bloodstained ring mail
 17041 | D:11     | Reached skill level 19 in Long Blades
 17287 | D:12     | Found a staircase to the Orcish Mines.
 17291 | D:12     | Received a gift from Trog
 17526 | D:12     | Found a roughly hewn altar of Beogh.
 17639 | D:12     | You fall into a shaft and drop 2 floors!
 17737 | D:14     | Found a sacrificial altar of Ru.
 17798 | D:13     | HP: 20/130 [enormous slime creature (50)]
 17801 | D:13     | Slain by an enormous slime creature

Levels and vault maps discovered:
D:1:      mushboom_english_gardens, layout_loops_ring, kennysheep_pointless_box,
          kennysheep_another_room, hangedman_decor_peaks_small
D:2:      layout_basic, first_ration, wad_woods_river_04
D:3:      layout_loops_cross, makhleb_blood_cavern_becter, uniq_grinder
D:4:      lemuel_castle_with_subvaults [lemuel_castle_interior_carwin_2],
          layout_loops_corners, grunt_qazlal_sundering, grunt_decor_mini_mirrors
D:5:      layout_loops_ring
D:6:      cheibrodos_barr_body, layout_cave_pods, minmay_temple_entry_grid,
          minivault_23
D:7:      layout_basic, chei_slow_surprise
D:8:      layout_basic
D:9:      layout_cave_pools, grunt_lair_entry_orc_guard_hut, uniq_psyche
D:10:     layout_roguey, gammafunk_ghost_arena
D:11:     kennysheep_windowed_halls, layout_long_grid, hangedman_ranch
          [blue_anna_fruit_fields], nicolae_ru_awakened_eye, uniq_grum
D:12:     layout_irregular_city, minmay_orc_entry_temple_small,
          eino_tiny_chamber
D:13:     layout_roguey, special_room [special_room_orc], uniq_azrael,
          uniq_frances, uniq_jorgrun
D:14:     layout_irregular_city, erik_vaults_1, basic_altar, ebering_ghost_xom
Lair:1:   layout_chaotic_city
Lair:2:   dragon1_lemuel, layout_cave_shapes, guppyfry_snake_entry_island,
          nicolae_volcano_entry_s_turn, grunt_megastairs_1,
          serial_bayou_shore_b, minmay_lair_oklob_chamber
Lair:3:   layout_regular_city, elwin_shoals_entry_stream
Lair:4:   layout_gridlike, serial_bayou_shore_a, uniq_snorg
Lair:5:   layout_regular_city, grunt_megastairs_2, infiniplex_staircase_pool,
          lemuel_fruit_fields
Lair:6:   gammafunk_lair_ancient_temple, layout_long_grid, slime_dummy,
          chequers_serial_rivers_room_b, nicolae_lair_yak_garden

Skill      XL: |  1  2  3  4  5  6  7  8  9 10 11 12 13 14 |
---------------+-------------------------------------------+-----
Long Blades    | 4 5 6 7 9 11 12 14 16 17 19 | 19.6
Fighting       | 4 5 6 7 8 9 11 12 13 | 13.8
Armour         | 4 5 6 8 9 10 11 13 | 13.5
Dodging        | 3 4 5 6 7 8 9 11 12 | 12.5

Action                   |  1- 3 |  4- 6 |  7- 9 | 10-12 | 13-15 || total
-------------------------+-------+-------+-------+-------+-------++-------
Melee: Falchion          |    94 |   118 |   395 |       |       ||   607
       Headbutt          |    15 |    19 |   115 |   160 |   168 ||   477
       Scimitar          |       |       |    24 |   380 |       ||   404
       Great sword       |       |       |       |    15 |   339 ||   354
       Demon blade       |       |       |       |   193 |   128 ||   321
       Triple sword      |       |       |       |       |   165 ||   165
Invok: Trog's Hand       |     1 |       |     1 |     3 |       ||     5
       Berserk           |       |     1 |     1 |       |     1 ||     3
 Abil: Evoke Flight      |       |       |       |     2 |       ||     2
Evoke: Wand              |       |       |       |     4 |     2 ||     6
  Use: Scroll            |       |     8 |     4 |     8 |     9 ||    29
       Potion            |       |       |       |       |     1 ||     1
 Stab: Petrified         |       |       |       |       |     4 ||     4
       Petrifying        |       |       |       |       |     1 ||     1
  Eat: Chunk             |     3 |     4 |    15 |    20 |    18 ||    60
       Ration            |       |       |       |       |     1 ||     1
Armor: Animal skin       |     9 |       |       |       |       ||     9
       Chain mail        |    19 |    39 |       |       |       ||    58
       Plate armour      |       |    62 |   270 |   252 |   402 ||   986
Dodge: Dodged            |    49 |    78 |   215 |   346 |   433 ||  1121
       Rpst.: Falchion   |    16 |    21 |    42 |       |       ||    79
       Scimitar          |       |       |     4 |    65 |       ||    69
       Demon blade       |       |       |       |    22 |    11 ||    33
       Great sword       |       |       |       |       |    56 ||    56
       Triple sword      |       |       |       |       |    19 ||    19

Table legend:
 A = Non-vault XP
 B = Vault XP
 C = Vault XP percentage of total XP
 D = Non-vault monster count
 E = Vault monster count
 F = Vault count percentage of total count
                 A         B        C        D         E       F
            +---------+---------+-------+---------+---------+-------
      Total |   59681 |   34717 |  36.8 |     460 |     180 |  28.1
            +---------+---------+-------+---------+---------+-------
        D:1 |      10 |       0 |   0.0 |       7 |       0 |   0.0
        D:2 |      52 |       0 |   0.0 |      23 |       0 |   0.0
        D:3 |      64 |     314 |  83.1 |      21 |       2 |   8.7
        D:4 |     234 |     584 |  71.4 |      11 |      50 |  82.0
        D:5 |     708 |       0 |   0.0 |      28 |       0 |   0.0
        D:6 |    1451 |     630 |  30.3 |      23 |      12 |  34.3
        D:7 |    1482 |       5 |   0.3 |      31 |       1 |   3.1
        D:8 |    1133 |       0 |   0.0 |      22 |       0 |   0.0
        D:9 |    3096 |     931 |  23.1 |      38 |       6 |  13.6
       D:10 |    2236 |       0 |   0.0 |      32 |       0 |   0.0
       D:11 |    5388 |    5529 |  50.6 |      44 |      30 |  40.5
       D:12 |    4143 |     473 |  10.2 |      42 |      12 |  22.2
       D:13 |     322 |       0 |   0.0 |       1 |       0 |   0.0
       D:14 |     415 |       0 |   0.0 |       1 |       0 |   0.0
     Lair:1 |    3323 |       0 |   0.0 |      17 |       0 |   0.0
     Lair:2 |    6902 |    2497 |  26.6 |      28 |       5 |  15.2
     Lair:3 |    6143 |    1186 |  16.2 |      15 |       4 |  21.1
     Lair:4 |    3630 |    1123 |  23.6 |      14 |       1 |   6.7
     Lair:5 |   14102 |    4157 |  22.8 |      41 |       9 |  18.0
     Lair:6 |    4847 |   11029 |  69.5 |      21 |      28 |  57.1
    Volcano |       0 |    6259 | 100.0 |       0 |      20 | 100.0
            +---------+---------+-------+---------+---------+-------

Levels and vault maps discovered:
D:1:      mushboom_english_gardens, layout_loops_ring, kennysheep_pointless_box,
          kennysheep_another_room, hangedman_decor_peaks_small
D:2:      layout_basic, first_ration, wad_woods_river_04
D:3:      layout_loops_cross, makhleb_blood_cavern_becter, uniq_grinder
D:4:      lemuel_castle_with_subvaults [lemuel_castle_interior_carwin_2],
          layout_loops_corners, grunt_qazlal_sundering, grunt_decor_mini_mirrors
D:5:      layout_loops_ring
D:6:      cheibrodos_barr_body, layout_cave_pods, minmay_temple_entry_grid,
          minivault_23
D:7:      layout_basic, chei_slow_surprise
D:8:      layout_basic
D:9:      layout_cave_pools, grunt_lair_entry_orc_guard_hut, uniq_psyche
D:10:     layout_roguey, gammafunk_ghost_arena
D:11:     kennysheep_windowed_halls, layout_long_grid, hangedman_ranch
          [blue_anna_fruit_fields], nicolae_ru_awakened_eye, uniq_grum
D:12:     layout_irregular_city, minmay_orc_entry_temple_small,
          eino_tiny_chamber
D:13:     layout_roguey, special_room [special_room_orc], uniq_azrael,
          uniq_frances, uniq_jorgrun
D:14:     layout_irregular_city, erik_vaults_1, basic_altar, ebering_ghost_xom
Lair:1:   layout_chaotic_city
Lair:2:   dragon1_lemuel, layout_cave_shapes, guppyfry_snake_entry_island,
          nicolae_volcano_entry_s_turn, grunt_megastairs_1,
          serial_bayou_shore_b, minmay_lair_oklob_chamber
Lair:3:   layout_regular_city, elwin_shoals_entry_stream
Lair:4:   layout_gridlike, serial_bayou_shore_a, uniq_snorg
Lair:5:   layout_regular_city, grunt_megastairs_2, infiniplex_staircase_pool,
          lemuel_fruit_fields
Lair:6:   gammafunk_lair_ancient_temple, layout_long_grid, slime_dummy,
          chequers_serial_rivers_room_b, nicolae_lair_yak_garden

Table legend:
 A = Turns spent in this place as a percentage of turns spent in the entire game.
 B = Non-inter-level travel turns spent in this place as a percentage of non-inter-level travel turns spent in the entire game.
 C = Inter-level travel turns spent in this place as a percentage of turns spent in this place.
 D = Turns resting spent in this place as a percentage of non-inter-level travel turns spent in this place.
 E = Turns spent auto-exploring this place as a percentage of non-inter-level travel turns spent in this place.
 F = Non-inter-level travel turns spent in this place divided by the number of levels of this place that you've seen.
                   A       B       C       D       E      F
               +-------+-------+-------+-------+-------+----------------------
         Total | 100.0 | 100.0 |   4.7 |  18.7 |  57.4 | 807.6
       Dungeon |  60.7 |  61.2 |   4.0 |  19.1 |  59.2 | 741.3
          Lair |  37.1 |  36.5 |   6.2 |  18.6 |  56.3 | 1032.3
       Volcano |   2.2 |   2.3 |   0.0 |   7.7 |  27.8 | 388.0
               +-------+-------+-------+-------+-------+----------------------

Table legend:
 A = Kills in this place as a percentage of kills in entire the game.
 B = Kills by you in this place as a percentage of kills by you in the entire game.
 C = Kills by friends in this place as a percentage of kills by friends in the entire game.
 D = Other kills in this place as a percentage of other kills in the entire game.
 E = Experience gained in this place as a percentage of experience gained in the entire game.
 F = Experience gained in this place divided by the number of levels of this place that you have seen.
                   A       B       C       D       E      F
               +-------+-------+-------+-------+-------+----------------------
         Total | 100.0 | 100.0 |   N/A | 100.0 | 100.0 | 4495.1
       Dungeon |  68.3 |  68.4 |   N/A |   0.0 |  30.9 | 2085.7
          Lair |  28.6 |  28.5 |   N/A | 100.0 |  62.4 | 9823.2
       Volcano |   3.1 |   3.1 |   N/A |   0.0 |   6.6 | 6259.0
               +-------+-------+-------+-------+-------+----------------------
